Map: Torches LE

Players

ManlyManMeat - Winner!

  • Race: Zerg Zerg
  • League: Diamond
  • Spawn Location: 5:00

VOD

Have the link to the VOD?

Description

Time

  • Played on: June 23, 2025, 6:37 a.m.
  • Length: 23:05
Show
View Real Time Build Order
Export as new Build Order

ManlyManMeat Zerg - Winner!

Build Orders:  

Get SALT Encoding   

  12  0:00  Drone  
  13  0:12  Drone  
  14  0:21  Extractor  
  14  0:22  Drone  
  15  0:31  Overlord  
  15  0:58  Drone  
  16  1:10  Drone, Hatchery  
  16  1:15  Drone  
  17  1:20  Drone  
  18  1:42  Spawning Pool  
  18  1:45  Extractor  
  18  1:47  Drone  
  17  1:55  Drone  
  18  2:00  Drone  
  19  2:19  Drone  
  20  2:50  Queen  
  20  2:51  Queen  
  20  2:52  Zergling x4  
  20  2:55  Overlord  
  26  3:07  Drone  
  26  3:08  Drone  
  28  3:22  Drone x2  
  30  3:42  Hatchery  
  29  3:52  Drone x2  
  29  3:53  Drone  
  32  4:00  Overlord  
  32  4:02  Metabolic Boost  
  32  4:03  Drone  
  33  4:21  Drone  
  33  4:22  Drone x2  
  36  4:33  Queen  
  36  4:35  Overlord  
  36  4:36  Overlord  
  38  4:44  Drone x3  
  41  4:52  Drone x2  
  43  5:08  Drone x2  
  45  5:14  Extractor  
  45  5:15  Drone x3  
  45  5:18  Drone x2  
  49  5:28  Queen  
  51  5:30  Queen  
  51  5:36  Drone  
  51  5:37  Drone  
  51  5:38  Baneling Nest  
  54  5:40  Zergling x2  
  54  5:42  Zergling x2  
  54  5:44  Zergling x2  
  57  5:52  Drone x2  
  57  5:55  Overlord  
  57  5:57  Overlord  
  59  6:06  Overlord  
  59  6:07  Drone x3  
  59  6:09  Drone  
  63  6:11  Drone  
  63  6:13  Drone  
  65  6:40  Drone x2  
  65  6:41  Drone x4  
  65  6:44  Overlord  
  65  6:46  Overlord x3  
  71  6:58  Evolution Chamber  
  70  7:09  Lair  
  70  7:34  Zerg Melee Weapons Level 1  
  70  7:37  Drone  
  70  7:38  Drone  
  70  7:39  Evolution Chamber  
  71  7:40  Drone  
  71  7:42  Drone x6  
  78  8:06  Zergling x2  
  78  8:07  Zergling x16  
  78  8:09  Baneling x8  
  87  8:10  Baneling x2  
  87  8:46  Hatchery  
  86  8:52  Centrifugal Hooks  
  86  8:58  Zergling x26  
  99  9:01  Zerg Ground Armor Level 1  
  99  9:09  Extractor  
  98  9:11  Drone x2, Extractor x2  
  98  9:13  Extractor  
  97  9:23  Hatchery  
  96  9:35  Hatchery  
  95  9:43  Zergling x12  
  95  9:44  Hatchery  
  100  10:15  Zergling x2  
  100  10:16  Zergling x14  
  108  10:29  Hatchery  
  107  10:39  Zergling x20  
  117  10:50  Overseer  
  117  10:51  Overseer  
  117  10:54  Pneumatized Carapace  
  117  10:56  Zerg Melee Weapons Level 2  
  116  11:43  Burrow  
  116  11:45  Zergling x14  
  116  11:46  Zergling x24  
  135  12:00  Zergling x4  
  135  12:01  Overlord  
  135  12:02  Overlord x4  
  137  12:25  Zergling x12  
  137  12:27  Overlord x4  
  143  12:35  Zerg Ground Armor Level 2  
  143  12:36  Zergling x2  
  143  12:37  Zergling x18  
  153  12:44  Infestation Pit  
  153  12:46  Hydralisk Den  
  153  12:47  Zergling x14  
  153  12:48  Zergling x16  
  166  12:50  Spire  
  166  12:51  Drone  
  166  12:52  Drone  
  166  12:53  Drone  
  166  12:55  Drone x2  
  166  12:56  Drone  
  171  13:13  Zergling x2  
  171  13:14  Zergling x14  
  179  13:26  Zergling x6  
  179  13:27  Zergling x20  
  191  13:50  Roach Warren  
  191  13:56  Neural Parasite  
  191  13:59  Drone x3  
  193  14:00  Drone x2  
  195  14:24  Zergling x8  
  178  14:44  Zergling x14  
  178  14:45  Zergling x44  
  178  14:46  Zergling x4  
  156  15:18  Baneling x9  
  156  15:19  Baneling  
  119  15:33  Zergling x14  
  119  15:34  Zergling x24  
  124  15:45  Zergling x12  
  88  16:02  Zergling x4  
  88  16:03  Zergling x10  
  88  16:09  Mutalisk x4  
  89  16:17  Zergling x2  
  89  16:18  Zergling x22  
  89  16:27  Drone  
  84  16:32  Zergling x10  
  87  16:48  Zergling x2  
  87  16:49  Zergling x16  
  79  17:06  Zergling x8  
  68  17:25  Zergling x2  
  68  17:26  Zergling x26  
  79  17:34  Zergling x2  
  75  17:43  Drone  
  68  18:12  Zergling x20  
  68  18:26  Zergling x2  
  65  18:37  Zergling x8  
  67  18:48  Zergling x2  
  67  18:49  Zergling x6  
  62  19:18  Overseer  
  62  19:24  Drone x6  
  62  19:25  Drone  
  62  19:26  Queen  
  62  19:29  Queen  
  75  19:33  Queen  
  75  20:02  Hydralisk  
  75  20:03  Hydralisk x11  
  99  20:12  Hatchery  
  98  20:25  Roach x4  
  98  20:26  Hive  
  106  20:53  Hydralisk x8  
  122  21:23  Hydralisk x4  
  122  21:24  Hydralisk x9  
  143  21:43  Hydralisk x5  
  153  21:52  Unknown  
  153  22:00  Hydralisk x4  
  161  22:13  Drone x4  
  161  22:15  Drone x2  
Tags
 
League
Diamond
Matchup
Co-op
Replay Pack
Myownreplay2
Add a new tag
Caveats
  • Supply blocks, unpowered buildings, or Contaminate may cause inaccurate times.
  • Supply counts are checked every 10 seconds.